 Dungeon Crawl Stone Soup version 0.23-a0-484-g29ba69c (webtiles) character file.

100 mopl the Chopper (level 4, -3/39 HPs)
             Began as a Hill Orc Fighter on Nov 30, 2018.
             Killed by nerve-wracking pain
             ... invoked by Grinder
              (11 damage)
             ... on level 3 of the Dungeon.
             The game lasted 00:02:16 (1390 turns).

mopl the Chopper (Hill Orc Fighter)                 Turns: 1390, Time: 00:02:17

Health: -3/39      AC: 10    Str: 18    XL:     4   Next: 74%
Magic:  4/4        EV:  7    Int:  8    God:
Gold:   63         SH:  9    Dex: 11    Spells: 3/3 levels left

rFire    . . .     SeeInvis .   a - +0 war axe
rCold    . . .     Gourm    .   c - +0 shield
rNeg     . . .     Faith    .   b - +0 scale mail
rPois    +         Spirit   .   (no helmet)
rElec    .         Reflect  .   (no cloak)
rCorr    .         Harm     .   g - +2 pair of gloves
MR       .....                  (no boots)
Stlth    ..........             (no amulet)
HPRegen  0.13/turn              q - ring of poison resistance
MPRegen  0.09/turn              (no ring)

@: no status effects
A: no striking features
a: no special abilities


You were on level 3 of the Dungeon.
You were not hungry.

You visited 1 branch of the dungeon, and saw 3 of its levels.

You collected 63 gold pieces.

Inventory:

Hand Weapons
 a - a +0 war axe (weapon)
Missiles
 h - 8 tomahawks (quivered)
 j - 45 bolts
 o - 10 poisoned needles
Armour
 b - a +0 scale mail (worn)
 c - a +0 shield (worn)
 g - a +2 pair of gloves (worn)
Jewellery
 k - an uncursed ring of ice
 q - a ring of poison resistance (left hand)
Scrolls
 i - 2 scrolls of remove curse {unknown}
 l - a scroll of magic mapping {unknown}
 m - 3 scrolls of amnesia {unknown}
 n - a scroll of noise {unknown}
 s - a scroll of enchant weapon {unknown}
Potions
 d - a potion of might
 e - a potion of mutation {unknown}
 p - a potion of haste {unknown}
 t - a potion of cancellation {unknown}
 u - a potion of curing {unknown}
Comestibles
 f - 7 rations
 r - a chunk of flesh


   Skills:
 - Level 3.6 Fighting
 + Level 6.3 Axes
 - Level 3.2 Armour
 - Level 3.2 Shields


You had 3 spell levels left.
You didn't know any spells.
Your spell library was empty.

Dungeon Overview and Level Annotations

Branches:
Dungeon (3/15)

Altars:
Kikubaaqudgha
Ru

Annotations:
D:3 Grinder


Message History

Grinder barely misses you. You block Grinder's attack.
You completely miss Grinder.
Grinder is moderately wounded.
Grinder hits you.
You writhe in agony.
You barely miss Grinder.
Grinder is moderately wounded.
Grinder gestures at you. Pain shoots through your body!
You hit Grinder.
Grinder is heavily wounded.
Grinder hits you!
You writhe in agony.
Grinder gestures at you. Pain shoots through your body!
* * * LOW HITPOINT WARNING * * *
You are too injured to fight recklessly!
You are too injured to fight recklessly!
You are too injured to fight recklessly!
Grinder gestures at you. Pain shoots through your body!
You die...

#####
#.5.#
#.#.#
#.#.##
#.#.@#
#.####
#. ##


You could see Grinder.

Vanquished Creatures
  4 gnolls
  A worm (D:2)
  2 dart slugs (D:1)
  3 leopard geckos
  A ball python (D:2)
  A bat (D:2)
  2 giant cockroaches (D:1)
  10 goblins
  6 hobgoblins
  9 jackals
  A quokka (D:2)
  2 frilled lizards
  4 kobolds (D:1)
  3 rats
49 creatures vanquished.

Notes
Turn   | Place    | Note
-------+----------+-------------------------------------------
     0 | D:1      | mopl the Hill Orc Fighter began the quest for the Orb.
     0 | D:1      | Reached XP level 1. HP: 19/19 MP: 1/1
    53 | D:1      | Reached skill level 3 in Axes
   123 | D:1      | Reached XP level 2. HP: 26/26 MP: 2/2
   153 | D:1      | Reached skill level 4 in Axes
   345 | D:1      | Reached XP level 3. HP: 31/31 MP: 3/3
   569 | D:2      | Reached skill level 5 in Axes
   581 | D:2      | Found an ancient bone altar of Kikubaaqudgha.
   871 | D:2      | Reached XP level 4. HP: 39/39 MP: 4/4
  1038 | D:2      | Reached skill level 6 in Axes
  1082 | D:2      | Found a sacrificial altar of Ru.
  1380 | D:3      | Noticed Grinder
  1390 | D:3      | Killed from afar by Grinder

Vault maps used:
D:1:      psy_arrival_basics
D:2:      overflow_temple_1_default, nicolae_ru_sacrificial_ziggurat
D:3:      uniq_robin, uniq_crazy_yiuf_cottage, uniq_grinder

Skill      XL: |  1  2  3  4 |
---------------+-------------+-----
Axes           | 3 4 5 6 |  6.3
Fighting       | |  3.6
Armour         | |  3.2
Shields        | |  3.2

Action                   |  1- 3 |  4- 6 || total
-------------------------+-------+-------++-------
Melee: War axe           |    79 |    59 ||   138
  Eat: Chunk             |       |     2 ||     2
Armor: Scale mail        |    50 |    45 ||    95
Dodge: Dodged            |    33 |    25 ||    58
Block: Shield            |    49 |    46 ||    95

Table legend:
 A = Non-vault XP
 B = Vault XP
 C = Vault XP percentage of total XP
 D = Non-vault monster count
 E = Vault monster count
 F = Vault count percentage of total count
                 A         B        C        D         E       F
            +---------+---------+-------+---------+---------+-------
      Total |     144 |       0 |   0.0 |      49 |       0 |   0.0
            +---------+---------+-------+---------+---------+-------
        D:1 |      65 |       0 |   0.0 |      28 |       0 |   0.0
        D:2 |      79 |       0 |   0.0 |      21 |       0 |   0.0
            +---------+---------+-------+---------+---------+-------
